 Dungeon Crawl Stone Soup version 0.28.0 (webtiles) character file.

Game seed: 15360180987926776088

63 pkoi the Insei (level 3, -1/31 HPs)
             Began as a Draconian Monk on Feb 17, 2022.
             Slain by a gnoll (4 damage)
             ... on level 1 of the Dungeon.
             The game lasted 00:01:50 (1426 turns).

pkoi the Insei (Draconian Monk)                     Turns: 1426, Time: 00:01:51

Health: -1/31      AC:  5    Str: 13    XL:     3   Next: 87%
Magic:  3/3        EV: 12    Int: 12    God:
Gold:   4          SH:  0    Dex: 13    Spells: 2/2 levels left

rFire   . . .      SeeInvis .     - Unarmed
rCold   . . .      Faith    .   (no shield)
rNeg    . . .      Spirit   .   (armour unavailable)
rPois   .          Reflect  .   (helmet restricted)
rElec   .          Harm     .   (no cloak)
rCorr   .          Rampage  .   (no gloves)
Will    .....                   (no boots)
Stlth   ++........              (no amulet)
HPRegen 0.10/turn               (no ring)
MPRegen 0.08/turn               (no ring)

@: no status effects
A: AC +5, unfitting armour, cold-blooded
a: no special abilities


You were on level 1 of the Dungeon.
You visited 1 branch of the dungeon, and saw 2 of its levels.

You collected 4 gold pieces.

Inventory:

Missiles
 d - 6 datura-tipped darts (quivered)
Scrolls
 a - 2 scrolls of identify {unknown}
Potions
 b - a potion of magic {unknown}
 c - a potion of resistance {unknown}
 e - a potion of curing {unknown}


   Skills:
 - Level 3.2 Fighting
 - Level 2.6 Dodging
 - Level 1.7 Stealth
 + Level 4.8 Unarmed Combat


You had 2 spell levels left.
You didn't know any spells.
Your spell library contained the following spells:

 Spells                   Type           Power      Damage    Failure   Level
 Leda's Liquefaction      Hex/Erth       0%         N/A       97%         4
 Lee's Rapid Deconstruct  Erth           0%         3d5*      100%        5
 Statue Form              Tmut/Erth      0%         N/A       100%        6


Dungeon Overview and Level Annotations

Branches:
Dungeon (2/15)

Altars:


Innate Abilities, Weirdness & Mutations

Your plain brown scales are hard. (AC +5)
You cannot fit into any form of body armour.
You are cold-blooded and may be slowed by cold attacks.


Message History

The gnoll hits you with a +0 club.
* * * LOW HITPOINT WARNING * * *
The gnoll closely misses you. The gnoll misses you.
There is a stone staircase leading up, spattered with blood here.
Unknown command.
The gnoll hits you but does no damage. x2
You climb upwards.
There is a stone staircase leading down here.
Unknown command.
You hit the gnoll. You tail-slap the gnoll.
The gnoll is heavily wounded.
The gnoll hits you but does no damage. The gnoll misses you.
You hit the gnoll but do no damage.
Your tail-slap misses the gnoll.
The gnoll is heavily wounded.
The gnoll hits you but does no damage.
You hit the gnoll.
You tail-slap the gnoll, but do no damage.
The gnoll is severely wounded.
The gnoll hits you but does no damage.
You completely miss the gnoll. You tail-slap the gnoll.
The gnoll is almost dead.
The gnoll completely misses you. The gnoll closely misses you.
You hit the gnoll.
You kill the gnoll!
The gnoll hits you with a +0 whip.
* * * LOW HITPOINT WARNING * * *
The gnoll closely misses you.
Items here: ))) ††.
You closely miss the gnoll. The gnoll hits you with a +0 whip.
* * * LOW HITPOINT WARNING * * *
You barely miss the gnoll. The gnoll hits you with a +0 whip.
* * * LOW HITPOINT WARNING * * *
You barely miss the gnoll. The gnoll hits you with a +0 whip.
* * * LOW HITPOINT WARNING * * *
You barely miss the gnoll. The gnoll hits you with a +0 whip.
* * * LOW HITPOINT WARNING * * *
You hit the gnoll.
The gnoll is moderately wounded.
The gnoll hits you with a +0 whip.
You die...

#### ♣♣≈♣♣#####
≈≈≈♣≈♣≈P≈############
P≈P≈P≈♣♣≈≈......@g)>#
≈≈≈≈P≈≈P≈♣≈≈#######'#######
≈≈≈≈≈≈≈♣≈≈P≈♣####.........#
≈≈≈≈≈≈≈≈≈♣≈≈♣P.....(......#
≈≈≈≈≈≈≈≈≈P≈≈≈≈≈...........#
≈≈≈≈≈≈≈P≈≈≈♣≈≈♣...........#
≈≈≈≈≈≈≈≈≈≈≈≈PP♣##.........#
≈≈≈≈≈≈♣P≈♣≈≈♣≈# ###.#######
≈≈≈≈≈P≈≈≈≈≈≈≈######'#######


You could see a gnoll.

Vanquished Creatures
  2 gnolls (D:1)
  An adder (D:1)
  A dart slug (D:1)
  5 bats (D:1)
  2 endoplasms (D:1)
  A giant cockroach (D:1)
  3 goblins (D:1)
  3 hobgoblins (D:1)
  A quokka (D:1)
  3 ball pythons (D:1)
  A frilled lizard (D:1)
  3 kobolds (D:1)
  5 rats (D:1)
31 creatures vanquished.

Vanquished Creatures (others)
  6 plants
6 creatures vanquished.

Grand Total: 37 creatures vanquished

Notes
Turn   | Place    | Note
-------+----------+-------------------------------------------
     0 | D:1      | pkoi the Draconian Monk began the quest for the Orb.
     0 | D:1      | Reached XP level 1. HP: 19/19 MP: 1/1
   266 | D:1      | Reached XP level 2. HP: 21/26 MP: 2/2
   638 | D:1      | Reached skill level 4 in Unarmed Combat
  1029 | D:1      | Reached XP level 3. HP: 23/31 MP: 3/3
  1426 | D:1      | Slain by a gnoll

Illustrated notes

Levels and vault maps discovered:
D:1:      psy_arrival_whirlpool, layout_basic, serial_bayou_lake_a
D:2:      layout_basic, serial_shops, shop, nicolae_grassy_gnolls

Skill      XL: |  1  2 |
---------------+-------+-----
Unarmed Combat | 4 |  4.8
Fighting       | |  3.2
Dodging        | |  2.6
Stealth        | |  1.7

Action                   || total
-------------------------++-------
Melee: Unarmed           ||   111
       Tailslap          ||     8
       Punch             ||     1
 Stab: Sleeping          ||     4
Armor: Skin              ||    44
Dodge: Dodged            ||    80
